 Dungeon Crawl Stone Soup version 0.23.2-40-g277498a001 (webtiles) character file.

Game seed: 1383410556296726087

1051 luvemil the Ruffian (level 8, 74/81 HPs)
             Began as a Troll Berserker on Apr 16, 2019.
             Was a Priest of Trog.
             Quit the game on level 5 of the Dungeon on Oct 12, 2019.
             The game lasted 00:13:31 (2719 turns).

luvemil the Ruffian (Troll Berserker)               Turns: 2719, Time: 00:13:31

Health: 74/81      AC:  6    Str: 28    XL:     8   Next: 5%
Magic:  7/7        EV: 10    Int:  3    God:    Trog [***...]
Gold:   114        SH:  0    Dex:  9    Spells: 7/7 levels left

rFire    . . .     SeeInvis .     - Unarmed
rCold    . . .     Gourm    +   (no shield)
rNeg     . . .     Faith    .   a - +0 animal skin
rPois    .         Spirit   .   (helmet restricted)
rElec    .         Reflect  .   (no cloak)
rCorr    .         Harm     .   (gloves unavailable)
MR       .....                  (boots unavailable)
Stlth    +.........             (no amulet)
HPRegen  0.63/turn              (no ring)
MPRegen  0.10/turn              (no ring)

@: no status effects
A: large, unfitting armour, claws 3, fast metabolism 3, gourmand, regeneration
1, shaggy fur 1, tough skin 3
a: Berserk, Trog's Hand, Renounce Religion


You were on level 5 of the Dungeon.
You worshipped Trog.
Trog was most pleased with you.
You were completely stuffed.

You visited 2 branches of the dungeon, and saw 6 of its levels.

You collected 114 gold pieces.

Inventory:

Hand Weapons
 k - a +0 dagger
 l - a +0 falchion of protection
 v - a cursed +0 dagger
Armour
 a - a +0 animal skin (worn)
Wands
 o - a wand of paralysis (10)
Scrolls
 c - 7 scrolls of identify {unknown}
 e - a scroll of magic mapping {unknown}
 f - 2 scrolls of blinking {unknown}
 g - 3 scrolls of teleportation {unknown}
 h - 3 scrolls of fear {unknown}
 i - 2 scrolls of amnesia {unknown}
 m - 4 scrolls of random uselessness {unknown}
 r - 2 scrolls of immolation {unknown}
 s - 4 scrolls of remove curse {unknown}
 u - a scroll of enchant armour {unknown}
Potions
 d - 2 potions of curing {unknown}
 j - a potion of flight {unknown}
 n - a potion of heal wounds {unknown}
 p - a potion of might {unknown}
 q - a potion of mutation {unknown}
 t - a potion of resistance {unknown}
 w - a potion of brilliance {unknown}
Comestibles
 b - 6 rations
 x - a chunk of flesh


   Skills:
 + Level 5.6 Fighting
 - Level 2.4 Dodging
 * Level 7.7 Unarmed Combat


You had 7 spell levels left.
You didn't know any spells.
Your spell library was empty.

Dungeon Overview and Level Annotations

Branches:
Dungeon (5/15)             Temple (1/1) D:4

Altars:
Ashenzari
Cheibriados
Dithmenos
Elyvilon
Fedhas
Gozag
Hepliaklqana
Kikubaaqudgha
Makhleb
Nemelex Xobeh
Okawaru
Qazlal
Ru
Trog
Uskayaw
Vehumet
Wu Jian
Xom
Yredelemnul
Zin
The Shining One

Shops:
D:5 *

Annotations:
D:3 1 runed translucent door, skitinudo's ghost, amateur GrGl
D:5 1 runed translucent door, Ethylacetat's ghost, novice NaGl


Innate Abilities, Weirdness & Mutations

You are too large for most types of armour.
You have claws for hands.
Your metabolism is lightning-fast.
You like to eat raw meat.
Your natural rate of healing is unusually fast.
You are covered in fur. (AC +1)
You have extremely tough skin. (AC +3)


Message History

You see here a scorpion corpse.
The scorpion corpse isn't edible.
Eating one of 2 chunks of flesh.
You eat one of the 2 chunks of flesh.
This raw flesh tastes great.
Found Hairuzur's General Store.
There is an entrance to Hairuzur's General Store here.
Unknown command.
Save game and exit?
Level annotation: 1 runed translucent door, Ethylacetat's ghost, novice NaGl Welcome back, luvemil the Troll Berserker.
Trog says: Kill them all!
Press ? for a list of commands and other information.
No item to drop.
Level annotation: 1 runed translucent door, Ethylacetat's ghost, novice NaGl Welcome back, luvemil the Troll Berserker.
Trog says: Kill them all!
Press ? for a list of commands and other information.
Quiver which item? (- for none, * to show all) (? for menu, Esc to quit)
Okay, then.
Are you sure you want to abandon this character and quit the game? (Confirm with "yes".)

..# ########.# #.........#
#.........### #...........
...........# ...........+
..........@#####
...#..............
........#######... ....
...#.##.<.....#.. ....
....##..####.#.# ....#
.............#.#.... #
.............#.#... .#..
#.........÷..#.#.#+##.#.##
+.........†..............>


There were no monsters in sight!

Vanquished Creatures
  Grinder (D:3)
  Menkaure (D:5)
  An ogre (D:4)
  A phantom (D:4)
  2 scorpions (D:5)
  A howler monkey (D:4)
  A bullfrog skeleton (D:4)
  3 hounds (D:4)
  2 iguanas
  2 orc wizards
  A worker ant (D:4)
  A hound skeleton (D:4)
  Robin (D:2)
  A gnoll (D:1)
  7 adders
  An ooze (D:2)
  An adder skeleton (D:4)
  2 worms
  2 dart slugs (D:4)
  A leopard gecko (D:5)
  9 orcs
  2 ball pythons (D:5)
  A giant cockroach (D:3)
  15 goblins
  10 hobgoblins
  4 jackals
  4 kobolds
  2 quokkas
  5 bats
  2 frilled lizards
  A jackal skeleton (D:4)
  A jackal zombie (D:5)
  5 rats
94 creatures vanquished.

Notes
Turn   | Place    | Note
-------+----------+-------------------------------------------
     0 | D:1      | luvemil the Troll Berserker began the quest for the Orb.
     0 | D:1      | Reached XP level 1. HP: 22/22 MP: 0/0
   148 | D:1      | Reached XP level 2. HP: 24/31 MP: 1/1
   164 | D:1      | You fall through a shaft!
   178 | D:2      | Reached XP level 3. HP: 37/37 MP: 2/2
   473 | D:2      | Noticed Robin
   485 | D:2      | Reached ** piety under Trog
   500 | D:2      | Killed Robin
   500 | D:2      | Reached XP level 4. HP: 48/48 MP: 3/3
   697 | D:3      | Noticed Grinder
   697 | D:3      | Paralysed by Grinder for 2 turns
   708 | D:3      | Killed Grinder
   708 | D:3      | Reached skill level 5 in Unarmed Combat
   708 | D:3      | Reached XP level 5. HP: 35/55 MP: 4/4
   708 | D:3      | Reached XP level 6. HP: 41/63 MP: 5/5
   856 | D:3      | Found a hide-covered altar of Uskayaw.
  1054 | D:3      | Found a runed translucent door.
  1487 | D:3      | Noticed skitinudo's ghost (amateur GrGl)
  1843 | D:4      | Found a staircase to the Ecumenical Temple.
  1848 | Temple   | Entered the Ecumenical Temple
  1976 | D:4      | Reached skill level 6 in Unarmed Combat
  1976 | D:4      | Reached XP level 7. HP: 53/71 MP: 6/6
  2008 | D:4      | Found a shadowy altar of Dithmenos.
  2040 | D:4      | Reached skill level 5 in Fighting
  2413 | D:4      | Reached skill level 7 in Unarmed Combat
  2491 | D:5      | Entered Level 5 of the Dungeon
  2504 | D:5      | Reached *** piety under Trog
  2557 | D:5      | Found a runed translucent door.
  2557 | D:5      | Noticed Ethylacetat's ghost (novice NaGl)
  2570 | D:5      | Found a white marble altar of Elyvilon.
  2580 | D:5      | Noticed Menkaure
  2589 | D:5      | Killed Menkaure
  2703 | D:5      | Reached XP level 8. HP: 64/81 MP: 7/7
  2715 | D:5      | Found Hairuzur's General Store.
  2719 | D:5      | Upgraded the game from 0.23.2-1-ga50397a6bc to
                  | 0.23.2-40-g277498a001
  2719 | D:5      | Quit the game

Skill      XL: |  1  2  3  4  5  6  7 |
---------------+----------------------+-----
Fighting       | 3 4 5 |  5.6
Unarmed Combat | 5 6 7 |  7.7
Dodging        | |  2.4

Action                   |  1- 3 |  4- 6 |  7- 9 || total
-------------------------+-------+-------+-------++-------
Melee: Unarmed           |    73 |    86 |    66 ||   225
       Punch             |       |     2 |     1 ||     3
Invok: Berserk           |       |       |     2 ||     2
  Eat: Chunk             |     6 |     8 |    15 ||    29
       Ration            |       |     1 |       ||     1
Armor: Animal skin       |    24 |    24 |    25 ||    73
Dodge: Dodged            |    38 |    28 |    42 ||   108
